Penguins vs Sabres

Created - 18 janvier 2022 at 16:33

Goals
1 2 3 T
Penguins 0 0 2 2
Sabres 3 2 0 5
Shots
1 2 3 T
Penguins 13 4 10 27
Sabres 8 9 13 30

GoalsPenalties
1st period
1. Sabres , Radko Gudas 6 (Chris Tierney 5, Victor Olofsson 14) at 7:36 (PP)
2. Sabres , Torey Krug 4 (Victor Olofsson 15, Jonas Brodin 22) at 10:46 (PP)
3. Sabres , Tomas Hertl 16 (Robert Bortuzzo 1, Radko Gudas 14) at 17:09
Tomas Hertl (BUF) for Hooking (Minor) at 0:50
Jonathan Drouin (PIT) for Roughing (Minor) at 6:43
Trevor Lewis (PIT) for Hooking (Minor) at 9:47
Pierre Engvall (BUF) for High sticking (Minor) at 15:14
Brady Tkachuk (PIT) for Roughing (Minor) at 15:14
2nd period
4. Sabres , Phil Kessel 17 (Jonas Brodin 23) at 5:04
5. Sabres , Victor Olofsson 11 (Chris Tierney 6, Nick Jensen 12) at 10:05 (PP)
Brady Tkachuk (PIT) for Interference (Minor) at 3:04
Sami Vatanen (PIT) for Roughing (Minor) at 9:51
3rd period
6. Penguins , Colton Sissons 10 (Filip Zadina 12, Ty Smith 15) at 5:43 (PP)
7. Penguins , Filip Zadina 5 (Brady Tkachuk 13, Leon Draisaitl 29) at 17:42
Jack Roslovic (BUF) for Hooking (Minor) at 5:15
Tomas Hertl (BUF) for High sticking (Minor) at 8:36
Goalie Stats
Anton Khudobin (PIT), 17 saves from 18 shots - (0,944), 34:56 minutes
Thatcher Demko (PIT), 8 saves from 12 shots - (0,667), L, 12-15-2, 25:04 minutes
Darcy Kuemper (BUF), 25 saves from 27 shots - (0,926), W, 15-15-0, 60:00 minutes
3 StarsOfficial
1 - Radko Gudas (BUF)
2 - Victor Olofsson (BUF)
3 - Robert Bortuzzo (BUF)
Referees : Chris Lee and Dave Jackson
Linesman : Jonny Murray and David Brisebois
Game Note
Anton Khudobin enters game at 5:04 of 2nd period



Team Name Goals Shots Shots Attemp Shots Blocked PIM HIT PP PK FO%
Penguins 22747910161 / 3 (33%)359%
Sabres 5306428233 / 4 (75%)141%

Penguins
Player Name POS G A P +/- PIM HIT SHT SB MP PP MP PP SHT PK MP PK SHT FO% FOT
Arthur KaliyevRW0000002016:460:0002:1000% 0
Brady TkachukLW0110443020:022:2010:5910% 0
Brett ConnollyRW000-1010013:140:0000:0000% 0
Colton SissonsC/LW/RW1010005017:342:0620:00063% 30
Dan HamhuisD0000020115:590:0201:0300% 0
Dominic ToninatoC000000108:120:0002:10050% 10
Filip ZadinaRW1120003018:492:0410:0000% 1
Jonathan DrouinC/LW/RW0000215017:472:2010:0000% 0
Leon DraisaitlC/LW/RW011-1002020:232:2010:11053% 32
Luke SchennD0000000113:110:0000:0000% 0
Nick HoldenD000-1012323:332:4811:1900% 0
Nick RitchieLW000001008:082:0600:0000% 0
Niklas HjalmarssonD0000001222:191:3612:2400% 0
Richard PanikLW/RW0000000012:090:0200:0000% 0
Sami VatanenD000-1222022:551:3823:0200% 0
Trevor LewisC/LW/RW000021006:460:0000:4500% 0
Ty SmithD0110021222:022:4800:2200% 0
Zack SmithC/LW0000010014:020:0001:55073% 15
Sabres
Player Name POS G A P +/- PIM HIT SHT SB MP PP MP PP SHT PK MP PK SHT FO% FOT
Anders BjorkLW000000007:510:0000:0000% 0
Anthony ManthaLW/RW0001053118:241:2200:0000% 3
Blake LizotteC000001207:510:0000:0000% 8
Carter RowneyC/RW0001031014:240:0002:12042% 19
Chris TierneyC022-1011018:001:2202:14044% 32
Jack RoslovicC/RW0001201012:430:3210:0000% 0
Jakob SilfverbergLW/RW0001003014:240:0002:1200% 0
Jamie OleksiakD0001030013:390:0002:2100% 0
Jonas BrodinD022-1000123:152:0402:0500% 0
Mike HoffmanLW/RW0000001018:522:4300:0000% 1
Nick JensenD0110021018:472:0102:0500% 0
Phil KesselRW101-1013018:492:1102:14133% 3
Pierre EngvallC/LW/RW000020007:500:0000:000100% 1
Radko GudasD1120032022:371:2912:2100% 0
Robert BortuzzoD0112030017:420:0000:0000% 0
Tomas HertlC/LW1011415019:432:4310:00057% 21
Torey KrugD1010003024:002:3630:0000% 0
Victor OlofssonLW/RW123-1004014:401:2210:0000% 0

Penguins

5 vs 5 Forward
Line #Left WingCenterRight WingPHYDFOFWanted %Time %Time Play
1Brady TkachukLeon DraisaitlFilip Zadina0233434%16:45
2Jonathan DrouinColton SissonsArthur Kaliyev0233229%14:36
3Richard PanikZack SmithBrett Connolly1222424%12:07
4Nick RitchieDominic ToninatoTrevor Lewis1311012%6:02
5 vs 5 Defense
Line #DefenseDefensePHYDFOFWanted %Time %Time Play
1Nick HoldenNiklas Hjalmarsson0233837%18:19
2Sami VatanenTy Smith1313636%18:00
3Dan HamhuisLuke Schenn1312627%13:11
4Nick HoldenSami Vatanen12200%0:00
Power Play Forward
Line #Left WingCenterRight WingPHYDFOFWanted %Time %Time Play
1Brady TkachukLeon DraisaitlJonathan Drouin0055053%2:20
2Nick RitchieColton SissonsFilip Zadina0055047%2:06
Power Play Defense
Line #DefenseDefensePHYDFOFWanted %Time %Time Play
1Niklas HjalmarssonSami Vatanen0235037%1:38
2Ty SmithNick Holden0235063%2:48
Penalty Kill 4 Players Forward
Line #CenterWingPHYDFOFWanted %Time %Time Play
1Zack SmithBrady Tkachuk0505047%1:55
2Dominic ToninatoArthur Kaliyev0505053%2:10
Penalty Kill 4 Players Defense
Line #DefenseDefensePHYDFOFWanted %Time %Time Play
1Nick HoldenDan Hamhuis1405026%1:03
2Sami VatanenNiklas Hjalmarsson1405074%3:02
Penalty Kill 3 Players
Line #WingPHYDFOFWanted %Time %Time PlayDefenseDefensePHYDFOFWanted %Time %Time Play
1Zack Smith050500%0:00 Niklas HjalmarssonNick Holden050500%0:00
2Colton Sissons050500%0:00 Luke SchennTy Smith050500%0:00
4 vs 4 Forward
Line #CenterWingPHYDFOFWanted %Time %Time Play
1Leon DraisaitlBrett Connolly0235056%1:07
2Colton SissonsJonathan Drouin0235044%0:52
4 vs 4 Defense
Line #DefensePHYDFOFWanted %Time %Time Play
1Nick HoldenSami Vatanen0325056%50% - 1:07
2Ty SmithDan Hamhuis0325044%50% - 0:52
Last Minutes Offensive
Left WingCenterRight WingDefenseDefense
Brady TkachukLeon DraisaitlJonathan DrouinNick HoldenSami Vatanen
Last Minutes Defensive
Left WingCenterRight WingDefenseDefense
Jonathan DrouinColton SissonsFilip ZadinaNick HoldenSami Vatanen
Time
Total ForwardTotal DefenseLast Minutes OffensiveLast Minutes Defensive
60:00 60:00 0:000:00
Extra Forwards
Normal PowerPlayPenalty Kill
Leon Draisaitl, Jonathan Drouin, Brady TkachukRichard Panik, Jonathan DrouinTrevor Lewis
Extra Defensemen
Normal PowerPlayPenalty Kill
Luke Schenn, Nick Holden, Dan HamhuisSami Vatanen, Niklas HjalmarssonNick Holden
Penalty Shots
Leon Draisaitl, Jonathan Drouin, Brady Tkachuk, Filip Zadina, Arthur Kaliyev
Goalie
Thatcher Demko, Anton Khudobin
Custom OT Lines Forwards
Leon Draisaitl, Brady Tkachuk, Filip Zadina, Arthur Kaliyev, Colton Sissons, Jonathan Drouin, Nick Ritchie, Brett Connolly, Zack Smith, Trevor Lewis
Custom OT Lines Defensemen
Sami Vatanen, Nick Holden, Dan Hamhuis, Niklas Hjalmarsson, Ty Smith
Scratches
Par Lindholm (Healthy), Greg McKegg (Healthy), Ben Bishop (Healthy)

Sabres

5 vs 5 Forward
Line #Left WingCenterRight WingPHYDFOFWanted %Time %Time Play
1Mike HoffmanTomas HertlAnthony Mantha1133233%16:09
2Victor OlofssonChris TierneyPhil Kessel1132627%13:18
3Jakob SilfverbergCarter RowneyJack Roslovic1222425%12:12
4Anders BjorkBlake LizottePierre Engvall1311816%7:51
5 vs 5 Defense
Line #DefenseDefensePHYDFOFWanted %Time %Time Play
1Torey KrugNick Jensen0233330%14:41
2Radko GudasJonas Brodin1223136%17:57
3Jamie OleksiakRobert Bortuzzo2302023%11:18
4Robert BortuzzoTorey Krug1221611%5:34
Power Play Forward
Line #Left WingCenterRight WingPHYDFOFWanted %Time %Time Play
1Mike HoffmanTomas HertlPhil Kessel0145067%2:43
2Victor OlofssonChris TierneyAnthony Mantha0145033%1:22
Power Play Defense
Line #DefenseDefensePHYDFOFWanted %Time %Time Play
1Jonas BrodinTorey Krug0145051%2:04
2Nick JensenRadko Gudas0145049%2:01
Penalty Kill 4 Players Forward
Line #CenterWingPHYDFOFWanted %Time %Time Play
1Carter RowneyJakob Silfverberg1405050%2:12
2Chris TierneyPhil Kessel1405050%2:14
Penalty Kill 4 Players Defense
Line #DefenseDefensePHYDFOFWanted %Time %Time Play
1Nick JensenJonas Brodin1405047%2:05
2Jamie OleksiakRadko Gudas1405053%2:21
Penalty Kill 3 Players
Line #WingPHYDFOFWanted %Time %Time PlayDefenseDefensePHYDFOFWanted %Time %Time Play
1Carter Rowney140500%0:00 Robert BortuzzoJamie Oleksiak140500%0:00
2Jakob Silfverberg140500%0:00 Nick JensenRadko Gudas140500%0:00
4 vs 4 Forward
Line #CenterWingPHYDFOFWanted %Time %Time Play
1Tomas HertlAnthony Mantha1225045%0:53
2Chris TierneyPhil Kessel1225055%1:06
4 vs 4 Defense
Line #DefensePHYDFOFWanted %Time %Time Play
1Jonas BrodinTorey Krug1225058%50% - 1:09
2Robert BortuzzoRadko Gudas1225042%50% - 0:50
Last Minutes Offensive
Left WingCenterRight WingDefenseDefense
Jakob SilfverbergTomas HertlVictor OlofssonJonas BrodinTorey Krug
Last Minutes Defensive
Left WingCenterRight WingDefenseDefense
Jakob SilfverbergChris TierneyPhil KesselRobert BortuzzoRadko Gudas
Time
Total ForwardTotal DefenseLast Minutes OffensiveLast Minutes Defensive
60:00 60:00 0:000:00
Extra Forwards
Normal PowerPlayPenalty Kill
Jakob Silfverberg, Anthony Mantha, Victor OlofssonJack Roslovic, Pierre EngvallJakob Silfverberg
Extra Defensemen
Normal PowerPlayPenalty Kill
Jonas Brodin, Nick Jensen, Jamie OleksiakTorey Krug, Robert BortuzzoJamie Oleksiak
Penalty Shots
Tomas Hertl, Anthony Mantha, Phil Kessel, Victor Olofsson, Jakob Silfverberg
Goalie
Darcy Kuemper, Henrik Lundqvist
Custom OT Lines Forwards
Tomas Hertl, Mike Hoffman, Phil Kessel, Anthony Mantha, Jack Roslovic, Jakob Silfverberg, Blake Lizotte, Victor Olofsson, Pierre Engvall, Chris Tierney
Custom OT Lines Defensemen
Robert Bortuzzo, Torey Krug, Jamie Oleksiak, Radko Gudas, Jonas Brodin
Scratches
Ilya Lyubushkin (Healthy), Luke Witkowski (Healthy), Charlie Lindgren (Healthy)


Play-by-Play

1st period


0:01 of 1st period - Tomas Hertl wins face-off versus Leon Draisaitl in neutral zone.
0:04 of 1st period - Niklas Hjalmarsson is hit by Anthony Mantha.
0:11 of 1st period - Leon Draisaitl is hit by Anthony Mantha and loses puck.
0:23 of 1st period - Icing by Tomas Hertl.
0:24 of 1st period - Tomas Hertl wins face-off versus Colton Sissons in Sabres zone.
0:50 of 1st period - Minor Penalty to Tomas Hertl for Hooking.
0:51 of 1st period - Leon Draisaitl wins face-off versus Carter Rowney in Sabres zone.
0:54 of 1st period - Shot by Brady Tkachuk.
0:54 of 1st period - Stopped by Darcy Kuemper without a rebound.
0:55 of 1st period - Chris Tierney wins face-off versus Filip Zadina in Sabres zone.
0:55 of 1st period - Chris Tierney is hit by Nick Ritchie.
1:05 of 1st period - Shot by Sami Vatanen.
1:05 of 1st period - Stopped by Darcy Kuemper without a rebound.
1:06 of 1st period - Leon Draisaitl wins face-off versus Chris Tierney in Sabres zone.
1:07 of 1st period - Shot by Jonathan Drouin.
1:07 of 1st period - Stopped by Darcy Kuemper without a rebound.
1:08 of 1st period - Chris Tierney wins face-off versus Leon Draisaitl in Sabres zone.
1:16 of 1st period - Off-side.
1:17 of 1st period - Colton Sissons wins face-off versus Chris Tierney in neutral zone.
1:19 of 1st period - Off-side.
1:20 of 1st period - Colton Sissons wins face-off versus Chris Tierney in neutral zone.
1:23 of 1st period - Shot by Niklas Hjalmarsson.
1:23 of 1st period - Shot Misses the Net.
1:45 of 1st period - Shot by Niklas Hjalmarsson.
1:45 of 1st period - Stopped by Darcy Kuemper without a rebound.
1:46 of 1st period - Leon Draisaitl wins face-off versus Chris Tierney in Sabres zone.
1:59 of 1st period - Shot by Brady Tkachuk.
1:59 of 1st period - Shot Misses the Net.
2:01 of 1st period - Shot by Leon Draisaitl.
2:01 of 1st period - Stopped by Darcy Kuemper with a rebound.
2:03 of 1st period - Shot by Jonathan Drouin.
2:03 of 1st period - Shot Misses the Net.
2:05 of 1st period - Shot by Leon Draisaitl.
2:05 of 1st period - Shot Blocked by Jonas Brodin.
2:07 of 1st period - Shot by Brady Tkachuk.
2:07 of 1st period - Shot Hit the Post.
2:09 of 1st period - Shot by Nick Holden.
2:09 of 1st period - Stopped by Darcy Kuemper without a rebound.
2:10 of 1st period - Colton Sissons wins face-off versus Carter Rowney in Sabres zone.
2:25 of 1st period - Shot by Filip Zadina.
2:25 of 1st period - Stopped by Darcy Kuemper without a rebound.
2:26 of 1st period - Leon Draisaitl wins face-off versus Chris Tierney in Sabres zone.
3:34 of 1st period - Anthony Mantha is hit by Zack Smith and loses puck.
3:43 of 1st period - Dan Hamhuis is hit by Anthony Mantha and loses puck.
3:51 of 1st period - Icing by Dan Hamhuis.
3:52 of 1st period - Chris Tierney wins face-off versus Zack Smith in Penguins zone.
3:52 of 1st period - Chris Tierney is hit by Dan Hamhuis.
4:12 of 1st period - Shot by Phil Kessel.
4:12 of 1st period - Shot Blocked by Luke Schenn.
4:16 of 1st period - Shot by Victor Olofsson.
4:16 of 1st period - Shot Misses the Net.
4:47 of 1st period - Icing by Luke Schenn.
4:48 of 1st period - Zack Smith wins face-off versus Carter Rowney in Penguins zone.
5:04 of 1st period - Icing by Luke Schenn.
5:05 of 1st period - Zack Smith wins face-off versus Blake Lizotte in Penguins zone.
5:14 of 1st period - Shot by Blake Lizotte.
5:14 of 1st period - Stopped by Thatcher Demko with a rebound.
6:05 of 1st period - Shot by Carter Rowney.
6:05 of 1st period - Shot Misses the Net.
6:07 of 1st period - Shot by Carter Rowney.
6:07 of 1st period - Shot Misses the Net.
6:09 of 1st period - Shot by Radko Gudas.
6:09 of 1st period - Shot Misses the Net.
6:39 of 1st period - Shot by Jonathan Drouin.
6:39 of 1st period - Shot Misses the Net.
6:41 of 1st period - Shot by Ty Smith.
6:41 of 1st period - Stopped by Darcy Kuemper without a rebound.
6:42 of 1st period - Chris Tierney wins face-off versus Colton Sissons in Sabres zone.
6:42 of 1st period - Chris Tierney is hit by Jonathan Drouin.
6:43 of 1st period - Minor Penalty to Jonathan Drouin for Roughing.
6:44 of 1st period - Dominic Toninato wins face-off versus Tomas Hertl in Penguins zone.
7:32 of 1st period - Shot by Victor Olofsson.
7:32 of 1st period - Shot Misses the Net.
7:34 of 1st period - Shot by Chris Tierney.
7:34 of 1st period - Shot Misses the Net.
7:36 of 1st period - Shot by Radko Gudas.
7:36 of 1st period - Goal by Radko Gudas - Penguins : 0 - Sabres : 1.
7:37 of 1st period - Carter Rowney wins face-off versus Leon Draisaitl in neutral zone.
8:56 of 1st period - Shot by Dominic Toninato.
8:56 of 1st period - Stopped by Darcy Kuemper without a rebound.
8:57 of 1st period - Dominic Toninato wins face-off versus Phil Kessel in Sabres zone.
9:47 of 1st period - Minor Penalty to Trevor Lewis for Hooking.
9:48 of 1st period - Tomas Hertl wins face-off versus Zack Smith in Penguins zone.
10:07 of 1st period - Shot by Brady Tkachuk.
10:07 of 1st period - Stopped by Darcy Kuemper with a rebound.
10:27 of 1st period - Chris Tierney is hit by Brady Tkachuk and loses puck.
10:46 of 1st period - Shot by Torey Krug.
10:46 of 1st period - Goal by Torey Krug - Penguins : 0 - Sabres : 2.
10:47 of 1st period - Colton Sissons wins face-off versus Carter Rowney in neutral zone.
11:17 of 1st period - Icing by Robert Bortuzzo.
11:18 of 1st period - Carter Rowney wins face-off versus Dominic Toninato in Sabres zone.
11:31 of 1st period - Trevor Lewis is hit by Jamie Oleksiak and loses puck.
11:35 of 1st period - Nick Ritchie is hit by Jamie Oleksiak and loses puck.
11:40 of 1st period - Shot by Trevor Lewis.
11:40 of 1st period - Shot Misses the Net.
11:42 of 1st period - Shot by Nick Holden.
11:42 of 1st period - Deflect By Trevor Lewis.
11:42 of 1st period - Shot Misses the Net.
11:44 of 1st period - Shot by Nick Holden.
11:44 of 1st period - Stopped by Darcy Kuemper without a rebound.
11:45 of 1st period - Colton Sissons wins face-off versus Tomas Hertl in Sabres zone.
12:00 of 1st period - Shot by Mike Hoffman.
12:00 of 1st period - Stopped by Thatcher Demko without a rebound.
12:01 of 1st period - Chris Tierney wins face-off versus Leon Draisaitl in Penguins zone.
12:22 of 1st period - Brady Tkachuk is hit by Chris Tierney and loses puck.
12:32 of 1st period - Off-side.
12:33 of 1st period - Tomas Hertl wins face-off versus Colton Sissons in neutral zone.
13:13 of 1st period - Colton Sissons is hit by Nick Jensen and loses puck.
13:46 of 1st period - Shot by Victor Olofsson.
13:46 of 1st period - Shot Misses the Net.
13:55 of 1st period - Icing by Nick Holden.
13:56 of 1st period - Leon Draisaitl wins face-off versus Blake Lizotte in Penguins zone.
14:07 of 1st period - Shot by Filip Zadina.
14:07 of 1st period - Stopped by Darcy Kuemper without a rebound.
14:08 of 1st period - Zack Smith wins face-off versus Chris Tierney in Sabres zone.
14:32 of 1st period - Shot by Chris Tierney.
14:32 of 1st period - Stopped by Thatcher Demko without a rebound.
14:33 of 1st period - Colton Sissons wins face-off versus Blake Lizotte in Penguins zone.
14:44 of 1st period - Icing by Blake Lizotte.
14:45 of 1st period - Leon Draisaitl wins face-off versus Blake Lizotte in Sabres zone.
15:14 of 1st period - Minor Penalty to Pierre Engvall for High sticking.
15:14 of 1st period - Minor Penalty to Brady Tkachuk for Roughing.
15:15 of 1st period - Tomas Hertl wins face-off versus Colton Sissons in neutral zone.
15:22 of 1st period - Shot by Tomas Hertl.
15:22 of 1st period - Stopped by Thatcher Demko without a rebound.
15:23 of 1st period - Colton Sissons wins face-off versus Chris Tierney in Penguins zone.
15:27 of 1st period - Off-side.
15:28 of 1st period - Leon Draisaitl wins face-off versus Chris Tierney in neutral zone.
15:33 of 1st period - Jonas Brodin is hit by Brett Connolly and loses puck.
16:46 of 1st period - Shot by Jonathan Drouin.
16:46 of 1st period - Shot Misses the Net.
16:49 of 1st period - Icing by Anthony Mantha.
16:50 of 1st period - Tomas Hertl wins face-off versus Leon Draisaitl in Sabres zone.
17:03 of 1st period - Shot by Radko Gudas.
17:03 of 1st period - Stopped by Thatcher Demko with a rebound.
17:05 of 1st period - Shot by Robert Bortuzzo.
17:05 of 1st period - Shot Misses the Net.
17:09 of 1st period - Shot by Tomas Hertl.
17:09 of 1st period - Goal by Tomas Hertl - Penguins : 0 - Sabres : 3.
17:10 of 1st period - Phil Kessel wins face-off versus Colton Sissons in neutral zone.
17:27 of 1st period - Shot by Dominic Toninato.
17:27 of 1st period - Shot Misses the Net.
17:29 of 1st period - Shot by Nick Ritchie.
17:29 of 1st period - Shot Misses the Net.
18:11 of 1st period - Shot by Colton Sissons.
18:11 of 1st period - Shot Misses the Net.
18:13 of 1st period - Shot by Ty Smith.
18:13 of 1st period - Deflect By Jonathan Drouin.
18:13 of 1st period - Stopped by Darcy Kuemper without a rebound.
18:14 of 1st period - Leon Draisaitl wins face-off versus Mike Hoffman in Sabres zone.
18:14 of 1st period - Brady Tkachuk is hit by Radko Gudas and loses puck.
18:17 of 1st period - Shot by Filip Zadina.
18:17 of 1st period - Shot Misses the Net.
18:36 of 1st period - Nick Holden is hit by Tomas Hertl and loses puck.
19:00 of 1st period - Icing by Tomas Hertl.
19:01 of 1st period - Tomas Hertl wins face-off versus Colton Sissons in Sabres zone.
19:22 of 1st period - Shot by Phil Kessel.
19:22 of 1st period - Shot Misses the Net.
19:36 of 1st period - Icing by Sami Vatanen.
19:37 of 1st period - Colton Sissons wins face-off versus Blake Lizotte in Penguins zone.
Goals for this period are 0 for Penguins vs 3 for Sabres.
Shots for this period are 13 for Penguins vs 8 for Sabres.

2nd period


0:01 of 2nd period - Leon Draisaitl wins face-off versus Tomas Hertl in neutral zone.
0:10 of 2nd period - Shot by Nick Jensen.
0:10 of 2nd period - Shot Blocked by Nick Holden.
1:59 of 2nd period - Icing by Phil Kessel.
2:00 of 2nd period - Zack Smith wins face-off versus Chris Tierney in Sabres zone.
2:00 of 2nd period - Luke Schenn is hit by Radko Gudas and loses puck.
2:53 of 2nd period - Icing by Robert Bortuzzo.
2:54 of 2nd period - Tomas Hertl wins face-off versus Leon Draisaitl in Sabres zone.
2:54 of 2nd period - Mike Hoffman is hit by Brady Tkachuk and loses puck.
3:04 of 2nd period - Minor Penalty to Brady Tkachuk for Interference.
3:05 of 2nd period - Dominic Toninato wins face-off versus Tomas Hertl in Penguins zone.
3:32 of 2nd period - Shot by Mike Hoffman.
3:32 of 2nd period - Deflect By Tomas Hertl.
3:32 of 2nd period - Stopped by Thatcher Demko with a rebound.
3:34 of 2nd period - Shot by Tomas Hertl.
3:34 of 2nd period - Shot Misses the Net.
3:36 of 2nd period - Shot by Jack Roslovic.
3:36 of 2nd period - Stopped by Thatcher Demko without a rebound.
3:37 of 2nd period - Zack Smith wins face-off versus Anthony Mantha in Penguins zone.
3:37 of 2nd period - Zack Smith is hit by Anthony Mantha.
4:19 of 2nd period - Shot by Torey Krug.
4:19 of 2nd period - Stopped by Thatcher Demko without a rebound.
4:20 of 2nd period - Dominic Toninato wins face-off versus Phil Kessel in Penguins zone.
4:40 of 2nd period - Shot by Jonas Brodin.
4:40 of 2nd period - Shot Blocked by Dan Hamhuis.
5:04 of 2nd period - Shot by Phil Kessel.
5:04 of 2nd period - Goal by Phil Kessel - Penguins : 0 - Sabres : 4.
5:04 of 2nd period - Anton Khudobin enters game.
5:05 of 2nd period - Carter Rowney wins face-off versus Leon Draisaitl in neutral zone.
6:03 of 2nd period - Anders Bjork is hit by Brady Tkachuk and loses puck.
6:17 of 2nd period - Icing by Niklas Hjalmarsson.
6:18 of 2nd period - Chris Tierney wins face-off versus Colton Sissons in Penguins zone.
6:49 of 2nd period - Shot by Jonathan Drouin.
6:49 of 2nd period - Stopped by Darcy Kuemper without a rebound.
6:50 of 2nd period - Zack Smith wins face-off versus Tomas Hertl in Sabres zone.
7:09 of 2nd period - Shot by Jonas Brodin.
7:09 of 2nd period - Shot Misses the Net.
7:37 of 2nd period - Icing by Radko Gudas.
7:38 of 2nd period - Colton Sissons wins face-off versus Anthony Mantha in Sabres zone.
8:35 of 2nd period - Shot by Brady Tkachuk.
8:35 of 2nd period - Stopped by Darcy Kuemper without a rebound.
8:36 of 2nd period - Leon Draisaitl wins face-off versus Blake Lizotte in Sabres zone.
8:41 of 2nd period - Shot by Filip Zadina.
8:41 of 2nd period - Shot Misses the Net.
9:13 of 2nd period - Sami Vatanen is hit by Blake Lizotte and loses puck.
9:29 of 2nd period - Icing by Leon Draisaitl.
9:30 of 2nd period - Carter Rowney wins face-off versus Leon Draisaitl in Penguins zone.
9:30 of 2nd period - Jack Roslovic is hit by Ty Smith and loses puck.
9:37 of 2nd period - Shot by Jack Roslovic.
9:37 of 2nd period - Shot Blocked by Ty Smith.
9:45 of 2nd period - Shot by Jack Roslovic.
9:45 of 2nd period - Shot Misses the Net.
9:48 of 2nd period - Jakob Silfverberg is hit by Ty Smith.
9:51 of 2nd period - Minor Penalty to Sami Vatanen for Roughing.
9:52 of 2nd period - Chris Tierney wins face-off versus Dominic Toninato in Penguins zone.
9:53 of 2nd period - Shot by Torey Krug.
9:53 of 2nd period - Stopped by Anton Khudobin without a rebound.
9:54 of 2nd period - Chris Tierney wins face-off versus Dominic Toninato in Penguins zone.
9:57 of 2nd period - Shot by Chris Tierney.
9:57 of 2nd period - Shot Hit the Post.
9:59 of 2nd period - Shot by Chris Tierney.
9:59 of 2nd period - Shot Misses the Net.
10:01 of 2nd period - Shot by Nick Jensen.
10:01 of 2nd period - Shot Misses the Net.
10:05 of 2nd period - Shot by Victor Olofsson.
10:05 of 2nd period - Goal by Victor Olofsson - Penguins : 0 - Sabres : 5.
10:06 of 2nd period - Zack Smith wins face-off versus Carter Rowney in neutral zone.
11:44 of 2nd period - Icing by Sami Vatanen.
11:45 of 2nd period - Colton Sissons wins face-off versus Chris Tierney in Penguins zone.
12:12 of 2nd period - Colton Sissons is hit by Phil Kessel and loses puck.
12:53 of 2nd period - Shot by Blake Lizotte.
12:53 of 2nd period - Shot Blocked by Ty Smith.
13:13 of 2nd period - Shot by Anders Bjork.
13:13 of 2nd period - Shot Misses the Net.
14:02 of 2nd period - Shot by Anthony Mantha.
14:02 of 2nd period - Stopped by Anton Khudobin without a rebound.
14:03 of 2nd period - Dominic Toninato wins face-off versus Chris Tierney in Penguins zone.
14:23 of 2nd period - Shot by Chris Tierney.
14:23 of 2nd period - Shot Blocked by Nick Holden.
14:29 of 2nd period - Shot by Chris Tierney.
14:29 of 2nd period - Shot Blocked by Nick Holden.
14:31 of 2nd period - Shot by Torey Krug.
14:31 of 2nd period - Shot Misses the Net.
14:33 of 2nd period - Shot by Phil Kessel.
14:33 of 2nd period - Shot Misses the Net.
14:47 of 2nd period - Torey Krug is hit by Trevor Lewis and loses puck.
14:51 of 2nd period - Icing by Nick Jensen.
14:52 of 2nd period - Leon Draisaitl wins face-off versus Chris Tierney in Sabres zone.
14:59 of 2nd period - Shot by Leon Draisaitl.
14:59 of 2nd period - Stopped by Darcy Kuemper without a rebound.
15:00 of 2nd period - Leon Draisaitl wins face-off versus Tomas Hertl in Sabres zone.
15:36 of 2nd period - Shot by Leon Draisaitl.
15:36 of 2nd period - Shot Misses the Net.
16:12 of 2nd period - Richard Panik is hit by Carter Rowney.
16:27 of 2nd period - Jack Roslovic is hit by Nick Holden and loses puck.
16:50 of 2nd period - Icing by Zack Smith.
16:51 of 2nd period - Zack Smith wins face-off versus Chris Tierney in Penguins zone.
17:12 of 2nd period - Shot by Victor Olofsson.
17:12 of 2nd period - Shot Misses the Net.
17:22 of 2nd period - Shot by Victor Olofsson.
17:22 of 2nd period - Deflect By Chris Tierney.
17:22 of 2nd period - Shot Blocked by Niklas Hjalmarsson.
17:24 of 2nd period - Shot by Nick Jensen.
17:24 of 2nd period - Stopped by Anton Khudobin with a rebound.
17:30 of 2nd period - Shot by Phil Kessel.
17:30 of 2nd period - Stopped by Anton Khudobin without a rebound.
17:31 of 2nd period - Colton Sissons wins face-off versus Anthony Mantha in Penguins zone.
19:21 of 2nd period - Shot by Nick Ritchie.
19:21 of 2nd period - Shot Misses the Net.
19:50 of 2nd period - Shot by Colton Sissons.
19:50 of 2nd period - Stopped by Darcy Kuemper without a rebound.
19:51 of 2nd period - Colton Sissons wins face-off versus Carter Rowney in Sabres zone.
Goals for this period are 0 for Penguins vs 2 for Sabres.
Shots for this period are 4 for Penguins vs 9 for Sabres.

3rd period


0:01 of 3rd period - Carter Rowney wins face-off versus Colton Sissons in neutral zone.
0:11 of 3rd period - Icing by Nick Holden.
0:12 of 3rd period - Tomas Hertl wins face-off versus Colton Sissons in Penguins zone.
0:25 of 3rd period - Shot by Anthony Mantha.
0:25 of 3rd period - Shot Blocked by Niklas Hjalmarsson.
0:43 of 3rd period - Shot by Mike Hoffman.
0:43 of 3rd period - Shot Misses the Net.
0:51 of 3rd period - Shot by Colton Sissons.
0:51 of 3rd period - Deflect By Arthur Kaliyev.
0:51 of 3rd period - Stopped by Darcy Kuemper without a rebound.
0:52 of 3rd period - Leon Draisaitl wins face-off versus Chris Tierney in Sabres zone.
1:07 of 3rd period - Shot by Victor Olofsson.
1:07 of 3rd period - Stopped by Anton Khudobin without a rebound.
1:08 of 3rd period - Zack Smith wins face-off versus Carter Rowney in Penguins zone.
1:08 of 3rd period - Zack Smith is hit by Carter Rowney.
1:13 of 3rd period - Icing by Richard Panik.
1:14 of 3rd period - Carter Rowney wins face-off versus Zack Smith in Penguins zone.
1:21 of 3rd period - Shot by Carter Rowney.
1:21 of 3rd period - Stopped by Anton Khudobin without a rebound.
1:22 of 3rd period - Leon Draisaitl wins face-off versus Chris Tierney in Penguins zone.
1:30 of 3rd period - Leon Draisaitl is hit by Nick Jensen and loses puck.
2:03 of 3rd period - Off-side.
2:04 of 3rd period - Colton Sissons wins face-off versus Carter Rowney in neutral zone.
2:04 of 3rd period - Niklas Hjalmarsson is hit by Carter Rowney and loses puck.
3:11 of 3rd period - Shot by Anthony Mantha.
3:11 of 3rd period - Deflect By Tomas Hertl.
3:11 of 3rd period - Shot Misses the Net.
3:38 of 3rd period - Icing by Radko Gudas.
3:39 of 3rd period - Tomas Hertl wins face-off versus Leon Draisaitl in Sabres zone.
3:39 of 3rd period - Tomas Hertl is hit by Brady Tkachuk.
3:47 of 3rd period - Icing by Sami Vatanen.
3:48 of 3rd period - Chris Tierney wins face-off versus Leon Draisaitl in Penguins zone.
3:51 of 3rd period - Shot by Phil Kessel.
3:51 of 3rd period - Shot Misses the Net.
4:01 of 3rd period - Shot by Leon Draisaitl.
4:01 of 3rd period - Shot Misses the Net.
5:00 of 3rd period - Richard Panik is hit by Robert Bortuzzo and loses puck.
5:15 of 3rd period - Minor Penalty to Jack Roslovic for Hooking.
5:16 of 3rd period - Colton Sissons wins face-off versus Carter Rowney in Sabres zone.
5:43 of 3rd period - Shot by Colton Sissons.
5:43 of 3rd period - Goal by Colton Sissons - Penguins : 1 - Sabres : 5.
5:44 of 3rd period - Colton Sissons wins face-off versus Tomas Hertl in neutral zone.
5:54 of 3rd period - Anthony Mantha is hit by Dan Hamhuis and loses puck.
6:02 of 3rd period - Shot by Tomas Hertl.
6:02 of 3rd period - Stopped by Anton Khudobin without a rebound.
6:03 of 3rd period - Pierre Engvall wins face-off versus Zack Smith in Penguins zone.
6:32 of 3rd period - Icing by Richard Panik.
6:33 of 3rd period - Zack Smith wins face-off versus Tomas Hertl in Penguins zone.
6:52 of 3rd period - Shot by Anthony Mantha.
6:52 of 3rd period - Shot Misses the Net.
7:08 of 3rd period - Shot by Tomas Hertl.
7:08 of 3rd period - Stopped by Anton Khudobin without a rebound.
7:09 of 3rd period - Carter Rowney wins face-off versus Leon Draisaitl in Penguins zone.
7:38 of 3rd period - Shot by Jack Roslovic.
7:38 of 3rd period - Shot Misses the Net.
7:40 of 3rd period - Shot by Carter Rowney.
7:40 of 3rd period - Shot Misses the Net.
7:42 of 3rd period - Shot by Jakob Silfverberg.
7:42 of 3rd period - Stopped by Anton Khudobin with a rebound.
8:23 of 3rd period - Off-side.
8:24 of 3rd period - Tomas Hertl wins face-off versus Colton Sissons in neutral zone.
8:36 of 3rd period - Minor Penalty to Tomas Hertl for High sticking.
8:37 of 3rd period - Colton Sissons wins face-off versus Chris Tierney in Sabres zone.
8:38 of 3rd period - Shot by Sami Vatanen.
8:38 of 3rd period - Stopped by Darcy Kuemper without a rebound.
8:39 of 3rd period - Chris Tierney wins face-off versus Colton Sissons in Sabres zone.
8:48 of 3rd period - Shot by Colton Sissons.
8:48 of 3rd period - Stopped by Darcy Kuemper with a rebound.
9:07 of 3rd period - Shot by Nick Ritchie.
9:07 of 3rd period - Shot Misses the Net.
9:19 of 3rd period - Shot by Chris Tierney.
9:19 of 3rd period - Deflect By Phil Kessel.
9:19 of 3rd period - Stopped by Anton Khudobin without a rebound.
9:20 of 3rd period - Leon Draisaitl wins face-off versus Carter Rowney in Penguins zone.
10:43 of 3rd period - Brett Connolly is hit by Robert Bortuzzo and loses puck.
10:59 of 3rd period - Brett Connolly is hit by Robert Bortuzzo.
11:19 of 3rd period - Icing by Richard Panik.
11:20 of 3rd period - Zack Smith wins face-off versus Blake Lizotte in Penguins zone.
11:20 of 3rd period - Zack Smith is hit by Radko Gudas.
11:26 of 3rd period - Shot by Blake Lizotte.
11:26 of 3rd period - Stopped by Anton Khudobin without a rebound.
11:27 of 3rd period - Chris Tierney wins face-off versus Dominic Toninato in Penguins zone.
11:27 of 3rd period - Chris Tierney is hit by Sami Vatanen.
11:33 of 3rd period - Shot by Victor Olofsson.
11:33 of 3rd period - Stopped by Anton Khudobin without a rebound.
11:34 of 3rd period - Chris Tierney wins face-off versus Dominic Toninato in Penguins zone.
12:43 of 3rd period - Shot by Anthony Mantha.
12:43 of 3rd period - Stopped by Anton Khudobin without a rebound.
12:44 of 3rd period - Colton Sissons wins face-off versus Blake Lizotte in Penguins zone.
12:53 of 3rd period - Shot by Arthur Kaliyev.
12:53 of 3rd period - Stopped by Darcy Kuemper with a rebound.
13:06 of 3rd period - Colton Sissons is hit by Jamie Oleksiak and loses puck.
16:51 of 3rd period - Off-side.
16:52 of 3rd period - Tomas Hertl wins face-off versus Leon Draisaitl in neutral zone.
16:59 of 3rd period - Shot by Anthony Mantha.
16:59 of 3rd period - Stopped by Anton Khudobin without a rebound.
17:00 of 3rd period - Colton Sissons wins face-off versus Tomas Hertl in Penguins zone.
17:00 of 3rd period - Colton Sissons is hit by Anthony Mantha.
17:28 of 3rd period - Shot by Arthur Kaliyev.
17:28 of 3rd period - Shot Misses the Net.
17:30 of 3rd period - Shot by Jonathan Drouin.
17:30 of 3rd period - Stopped by Darcy Kuemper with a rebound.
17:32 of 3rd period - Shot by Colton Sissons.
17:32 of 3rd period - Deflect By Arthur Kaliyev.
17:32 of 3rd period - Shot Blocked by Anthony Mantha.
17:36 of 3rd period - Shot by Colton Sissons.
17:36 of 3rd period - Stopped by Darcy Kuemper without a rebound.
17:37 of 3rd period - Leon Draisaitl wins face-off versus Chris Tierney in Sabres zone.
17:42 of 3rd period - Shot by Filip Zadina.
17:42 of 3rd period - Goal by Filip Zadina - Penguins : 2 - Sabres : 5.
17:43 of 3rd period - Chris Tierney wins face-off versus Leon Draisaitl in neutral zone.
17:45 of 3rd period - Off-side.
17:46 of 3rd period - Chris Tierney wins face-off versus Leon Draisaitl in neutral zone.
18:05 of 3rd period - Shot by Victor Olofsson.
18:05 of 3rd period - Stopped by Anton Khudobin without a rebound.
18:06 of 3rd period - Colton Sissons wins face-off versus Carter Rowney in Penguins zone.
18:13 of 3rd period - Shot by Jonathan Drouin.
18:13 of 3rd period - Stopped by Darcy Kuemper with a rebound.
18:17 of 3rd period - Shot by Colton Sissons.
18:17 of 3rd period - Stopped by Darcy Kuemper without a rebound.
18:18 of 3rd period - Leon Draisaitl wins face-off versus Chris Tierney in Sabres zone.
18:24 of 3rd period - Chris Tierney is hit by Sami Vatanen.
19:11 of 3rd period - Icing by Ty Smith.
19:12 of 3rd period - Carter Rowney wins face-off versus Leon Draisaitl in Penguins zone.
19:20 of 3rd period - Shot by Jakob Silfverberg.
19:20 of 3rd period - Stopped by Anton Khudobin with a rebound.
19:22 of 3rd period - Shot by Jakob Silfverberg.
19:22 of 3rd period - Stopped by Anton Khudobin with a rebound.
Goals for this period are 2 for Penguins vs 0 for Sabres.
Shots for this period are 10 for Penguins vs 13 for Sabres.